 Dungeon Crawl Stone Soup version 0.28-a0-804-g60983d4ba9 (webtiles) character file.

Game seed: 14155598561608823267

6863 kae the Summoner (level 11, -5/68 HPs)
             Began as a Tengu Summoner on Nov 7, 2021.
             Was a Priest of Ashenzari.
             Slain by a hornet (6 damage)
             ... on level 10 of the Dungeon.
             The game lasted 00:11:18 (13612 turns).

kae the Summoner (Tengu Summoner)                  Turns: 13612, Time: 00:11:18

Health: -5/68      AC: 10    Str:  8    XL:     11   Next: 6%
Magic:  26/32      EV: 19    Int: 19    God:    Ashenzari [***...]
Gold:   510        SH:  0    Dex: 21    Spells: 12/25 levels left

rFire   . . .      SeeInvis +   z - +3 spear
rCold   . . .      Faith    .   (no shield)
rNeg    . . .      Spirit   .   s - +3 ring mail of Ashenzari's Loss {rElec, Range, Comp} (curse)
rPois   .          Reflect  .   (helmet restricted)
rElec   +          Harm     .   (no cloak)
rCorr   .          Rampage  .   e - +0 pair of gloves of the Chained Sorrow {Alch, Cun} (curse)
Will    .....      Clarity  +   (boots unavailable)
Stlth   +++.......              t - amulet "Eternal Together" {RegenMP, Self, Evo} (curse)
HPRegen 0.21/turn               d - ring of the Cryptic Visionary {Dex+6, Elem, Cun} (curse)
MPRegen 0.48/turn               g - ring "Share My Nihilism" {MP+9, Range, Cun} (curse)

@: lethally poisoned (-5 -> -9), flying quickly and evasively, slowed, very slow
A: beak, talons 3, nimble flight
a: Renounce Religion, Shatter the Chains


You were on level 10 of the Dungeon.
You worshipped Ashenzari.
Ashenzari was most pleased with you.
You visited 2 branches of the dungeon, and saw 11 of its levels.
You also visited: Sewer.

You collected 510 gold pieces.

Inventory:

Hand Weapons
 n - a +1 halberd
 z - a +3 spear (weapon)
Armour
 e - the cursed +0 pair of gloves of the Chained Sorrow (worn) {Alch, Cun}
   (You found it on level 6 of the Dungeon)

   It has a curse which improves the following skills: Alchemy: Poison Magic and
   Transmutations.
   Cunning:   Dodging and Stealth.
 s - the cursed +3 ring mail of Ashenzari's Loss (worn) {rElec, Range, Comp}
   (You found it on level 5 of the Dungeon)

   rElec:     It insulates you from electricity.
   It has a curse which improves the following skills: Ranged Combat: Slings,
   Bows, Crossbows and Throwing.
   Companions: Summonings and Necromancy.
Jewellery
 d - the cursed ring of the Cryptic Visionary (left hand) {Dex+6, Elem, Cun}
   (You found it on level 1 of the Dungeon)

   [ring of dexterity]

   Dex:       It affects your dexterity (+6).
   It has a curse which improves the following skills: Elements: Fire Magic, Ice
   Magic, Air Magic and Earth Magic.
   Cunning:   Dodging and Stealth.
 g - the cursed ring "Share My Nihilism" (right hand) {MP+9, Range, Cun}
   (You found it on level 1 of the Dungeon)

   [ring of magical power]

   MP:        It affects your magic capacity (+9).
   It has a curse which improves the following skills: Ranged Combat: Slings,
   Bows, Crossbows and Throwing.
   Cunning:   Dodging and Stealth.
 t - the cursed amulet "Eternal Together" (around neck) {RegenMP, Self, Evo}
   (You found it on level 6 of the Dungeon)

   [amulet of magic regeneration]

   It increases your rate of magic regeneration.
   It has a curse which improves the following skills: Introspection: Fighting
   and Spellcasting.
   Evocations: Evocations.
 E - an amulet of reflection
Wands
 a - a wand of flame (8)
 D - a wand of acid (3)
Scrolls
 i - 5 scrolls of teleportation
 l - a scroll of magic mapping
 o - a scroll of vulnerability
 x - a scroll of silence
 y - a scroll of fog
 B - a scroll of enchant armour
 C - a scroll of amnesia
Potions
 b - 2 potions of mutation
 c - 3 potions of invisibility
 f - 2 potions of brilliance
 h - a potion of ambrosia
 j - 9 potions of haste
 k - a potion of resistance
 m - 2 potions of attraction
 p - 3 potions of heal wounds
 q - a potion of flight
 r - a potion of lignification
 u - 4 potions of curing
 v - a potion of magic
 w - a potion of cancellation
 A - a potion of berserk rage


   Skills:
 + Level 6.1(8.0) Fighting
 * Level 8.4 Polearms
 + Level 4.7 Armour
 + Level 7.2(11.2) Dodging
 - Level 2.0(4.8) Stealth
 + Level 5.9(7.8) Spellcasting
 * Level 11.6(13.5) Summonings


You had 12 spell levels left.
You knew the following spells:

 Your Spells              Type           Power      Damage    Failure   Level
a - Summon Small Mammal   Summ           100%       N/A       1%          1
b - Call Imp              Summ           56%        N/A       1%          2
c - Call Canine Familiar  Summ           56%        N/A       1%          3
d - Summon Guardian Gole  Hex/Summ       33%        N/A       4%          3
e - Summon Lightning Spi  Summ/Air       33%        N/A       16%         4

Your spell library contained the following spells:

 Spells                   Type           Power      Damage    Failure   Level
 Beastly Appendage        Tmut           16%        N/A       24%         1
 Wereblood                Tmut           8%         N/A       34%         2
 Spider Form              Tmut/Pois      8%         N/A       56%         3
 Gell's Gravitas          Tloc           7%         N/A       61%         3
 Lesser Beckoning         Tloc           7%         N/A       61%         3
 Teleport Other           Tloc           7%         N/A       61%         3
 Tukima's Dance           Hex            7%         N/A       61%         3
 Passage of Golubria      Tloc           7%         N/A       95%         4
 Yara's Violent Unravell  Hex/Tmut       3%         3d4       100%        5


Dungeon Overview and Level Annotations

Branches:
Dungeon (10/15)            Temple (1/1) D:6            Lair (0/6) D:10
    Orc (0/2) D:10          Sewer (visited)

Altars:
Ashenzari
Cheibriados
Dithmenos
Elyvilon
Fedhas
Gozag
Hepliaklqana
Kikubaaqudgha
Makhleb
Nemelex Xobeh
Okawaru
Qazlal
Ru
Sif Muna
Trog
Uskayaw
Vehumet
Wu Jian
Xom
Yredelemnul
Zin
The Shining One
Lugonu

Shops:
D:4 ((

Annotations:
D:4 1 runed translucent door, Crazy Yiuf


Innate Abilities, Weirdness & Mutations

You have a beak for a mouth.
You have claws for feet.
Your magical nature lets you fly swiftly and evasively.


Message History

You are more poisoned.
You feel as though you will be slow longer.
You hit the hornet. Your peck misses the hornet.
The hornet is severely wounded.
You feel very sick.
Your crimson imp hits the yak but does no damage.
The hornet misses you. The yak gores your crimson imp!
Your crimson imp dies!
Your crimson imp disappears in a puff of smoke!
You are too injured to fight recklessly!
You are too injured to fight recklessly!
You are too injured to fight recklessly!
You are too injured to fight recklessly!
You are too injured to fight recklessly!
You barely miss the hornet.
The hornet is severely wounded.
You feel very sick. The hornet closely misses you.
The hornet completely misses you.
Casting: Summon Small Mammal (safe; 1% risk of failure)
Confirm with . or Enter, or press ? or * to list all spells.
A guardian golem appears, shielding your allies.
You feel very sick. The hornet stings you.
You feel as though you will be slow longer.
The yak completely misses you. The hornet stings you!
* * * LOW HITPOINT WARNING * * *
You feel as though you will be slow longer.
You feel very sick. The hornet closely misses you.
The yak completely misses you. The hornet closely misses you.
The yak barely misses you.
Casting: Summon Guardian Golem (dangerous; 4% risk of failure)
Confirm with . or Enter, or press ? or * to list all spells.
You feel very sick. The hornet completely misses you.
The hornet closely misses you. The yak barely misses you.
You feel sick. The hornet stings you!
* * * LOW HITPOINT WARNING * * *
You feel as though you will be slow longer.
The hornet stings you.
You die...

....## ##..##...###.#........>..
####.###.####.....#....#...#....
#.....#.## *####..###### , *
..####..#{∆{' #..# .+ ### #..#{
{* #..# .#, , .
#..#{∆{*,,#..#..# ,.#. #..#
#..#..### #..... ######..#{ ,
,#h.#KZT.. * *..#.# ........#, ,
#@9#Wo... * ..#.#
######.##..#####yY#####.,*
*#.#.# #.# .....W#).#, , #.#.#
#.##......#††# , #.#..
#..#####..#).#{{* ** #.... ##
##.#{ ....#.)# ,, #.... .#
#.#......#).#.{ ,, #..## .#
#.#..### #..###**,, ##... .#
#.#.. , #..#, , , ##..


You could see a yak, a troll, a hornet (ally target), an orc warrior, a shadow,
a centaur warrior zombie, a kobold, a friendly guardian golem (summoned) and a
friendly wolf (summoned, sheltered).

Vanquished Creatures
  Pikel (D:5)
  A wraith (D:10)
  8 yaks
  Eustachio (D:6)
  2 wyverns
  2 steam dragons
  Edmund (D:6)
  A water moccasin (D:9)
  An orc warrior (D:7)
  A sky beast (D:8)
  An ogre (D:6)
  2 black bears
  2 lemures
  2 centaurs
  A kobold brigand (Sewer)
  2 bullfrogs
  A killer bee (D:7)
  4 howler monkeys
  3 wights (D:8)
  A bullfrog zombie (D:5)
  A centaur zombie (D:8)
  A hound (D:4)
  4 orc priests
  A bullfrog skeleton (D:7)
  4 iguanas
  An orc wizard (D:7)
  A hound skeleton (D:4)
  2 adders
  An ufetubus (D:5)
  2 adder skeletons (D:4)
  3 worms
  17 orcs
  8 ball pythons
  2 bats (D:2)
  8 endoplasms
  5 giant cockroaches
  7 goblins
  8 hobgoblins
  6 jackals
  2 quokkas
  2 frilled lizards
  11 kobolds
  10 rats
145 creatures vanquished.

Vanquished Creatures (collateral kills)
  2 wyverns (D:10)
  4 yaks
  A wraith (D:10)
  2 orc warriors (D:10)
  An ogre (D:5)
  A necrophage (D:6)
  A lemure (D:5)
  4 kobold brigands
  A scorpion (D:5)
  A water moccasin skeleton (D:4)
  A wight (D:8)
  2 howler monkeys
  2 hounds
  A jelly (D:6)
  An iguana (D:5)
  5 orc wizards
  A hound skeleton (D:4)
  3 gnolls (D:3)
  A river rat (D:5)
  10 orcs
  4 ball pythons
  6 bats
  2 endoplasms
  2 giant cockroaches
  A goblin (D:4)
  3 hobgoblins
  5 jackals (D:1)
  11 kobolds
  A quokka (D:5)
  A frilled lizard (D:2)
  2 rats
  A spectral kobold (D:7)
84 creatures vanquished.

Vanquished Creatures (others)
  2 yaks
  An orc wizard (D:5)
  10 plants
13 creatures vanquished.

Grand Total: 242 creatures vanquished

Notes
Turn   | Place    | Note
-------+----------+-------------------------------------------
     0 | D:1      | kae the Tengu Summoner began the quest for the Orb.
     0 | D:1      | Reached XP level 1. HP: 10/10 MP: 4/4
   198 | D:1      | Found a faded altar of an unknown god.
   228 | D:1      | Reached skill level 5 in Summonings
   289 | D:1      | Reached XP level 2. HP: 15/16 MP: 3/6
   898 | D:1      | Learned a level 2 spell: Call Imp
  1105 | D:1      | Reached XP level 3. HP: 16/20 MP: 5/7
  1347 | D:1      | Reached skill level 1 in Fighting
  2298 | D:2      | Learned a level 3 spell: Call Canine Familiar
  2743 | D:3      | Reached XP level 4. HP: 20/25 MP: 8/8
  3131 | D:3      | Found a sparkling altar of Nemelex Xobeh.
  3145 | D:3      | Found a shadowy altar of Dithmenos.
  3218 | D:3      | Found an opulent altar of Gozag.
  3234 | D:3      | Reached skill level 6 in Summonings
  3295 | D:3      | Gained mutation: Your magical nature lets you fly swiftly
                  | and evasively. [Tengu growth]
  3295 | D:3      | Reached XP level 5. HP: 30/30 MP: 9/9
  4174 | D:4      | Found Otsoozab's Weapon Shoppe.
  4231 | D:4      | Learned a level 3 spell: Summon Guardian Golem
  4249 | D:4      | Noticed a black bear
  4259 | D:4      | Killed a black bear
  4260 | D:4      | Reached XP level 6. HP: 21/36 MP: 11/11
  4661 | D:4      | Found Loumowuam's Weapon Shoppe.
  4699 | D:4      | Reached skill level 7 in Summonings
  4973 | D:4      | Found a runed translucent door.
  4974 | D:4      | Noticed Crazy Yiuf
  5112 | D:5      | Entered Level 5 of the Dungeon
  5496 | D:5      | Noticed Pikel
  5537 | D:5      | Found a white marble altar of Elyvilon.
  5599 | D:5      | Reached XP level 7. HP: 19/40 MP: 13/13
  5613 | D:5      | Found a glowing drain.
  5684 | Sewer    | Entered a sewer
  5794 | Sewer    | Reached skill level 1 in Polearms
  5958 | Sewer    | HP: 1/40 [kobold brigand (3)]
  6718 | D:5      | Reached XP level 8. HP: 46/46 MP: 14/14
  6803 | D:5      | Reached skill level 8 in Summonings
  7138 | D:5      | Killed Pikel
  7139 | D:5      | Reached skill level 5 in Dodging
  7663 | D:5      | Identified the +3 ring mail of Light {rElec}
  7785 | D:5      | Found a hide-covered altar of Uskayaw.
  7924 | D:6      | Noticed Eustachio
  7948 | D:6      | Killed Eustachio
  7949 | D:6      | Reached skill level 9 in Summonings
  7949 | D:6      | Reached XP level 9. HP: 50/52 MP: 16/16
  8154 | D:6      | Found a staircase to the Ecumenical Temple.
  8167 | D:6      | Reached skill level 5 in Polearms
  8178 | Temple   | Entered the Ecumenical Temple
  8274 | Temple   | Became a worshipper of Ashenzari the Shackled
  8383 | D:6      | Reached skill level 1 in Armour
  8852 | D:6      | Found a bloodstained altar of Trog.
  8854 | D:6      | Found a glowing golden altar of the Shining One.
  9324 | D:6      | Noticed Edmund
  9337 | D:6      | Killed Edmund
  9530 | D:6      | Reached skill level 5 in Spellcasting
  9530 | D:6      | Reached skill level 10 in Summonings
  9738 | D:7      | Found a burning altar of Makhleb.
  9893 | D:7      | Reached skill level 5 in Fighting
 10143 | D:7      | Reached XP level 10. HP: 49/59 MP: 19/19
 10557 | D:7      | Found Ikkorety's Weapon Shop.
 10609 | D:7      | Reached * piety under Ashenzari
 10619 | D:7      | Found an ornate altar of the Wu Jian Council.
 10881 | D:7      | Learned a level 4 spell: Summon Lightning Spire
 10946 | D:7      | Found a stormy altar of Qazlal.
 11031 | D:7      | Found a hazy altar of Hepliaklqana.
 11071 | D:7      | Reached ** piety under Ashenzari
 11852 | D:9      | Found an ancient bone altar of Kikubaaqudgha.
 12195 | D:9      | Reached skill level 11 in Summonings
 12418 | D:9      | Reached *** piety under Ashenzari
 12636 | D:10     | Entered Level 10 of the Dungeon
 12904 | D:10     | Found a staircase to the Lair.
 13228 | D:10     | Found a basalt altar of Yredelemnul.
 13453 | D:10     | Found a staircase to the Orcish Mines.
 13522 | D:10     | Found a shimmering altar of Xom.
 13593 | D:10     | Reached XP level 11. HP: 63/68 MP: 23/23
 13612 | D:10     | HP: 1/68 [hornet (10)]
 13612 | D:10     | Slain by a hornet

Illustrated notes

Levels and vault maps discovered:
D:1:      ncdulo_wetmaze, layout_basic, ebering_ecumenical_altar_sacrificial,
          minmay_split_cup_large
D:2:      layout_rooms
D:3:      layout_rooms, nicolae_gozag_cash_rules_everything_around_me,
          general_overflow_altar, grunt_dithmenos_smoke_and_mirrors,
          st_stairs_10, kennysheep_boxes
D:4:      layout_rooms, serial_shops, nicolae_lakefront_shop, shop,
          minmay_pentomino_pile, uniq_crazy_yiuf_cottage
D:5:      layout_gridville, lemuel_coloured_pillars_altar,
          amcnicky_altar_gilded, gup_sewer_entry_bowl, uniq_pikel
D:6:      layout_basic, chequers_temple_overflow_statue_of_worship,
          minmay_temple_entry_proselytizer, uniq_eustachio, uniq_edmund
D:7:      layout_gridville, lemuel_crystal_altar, lemuel_tele_altar,
          mainiacjoe_overflow_boulevard, nicolae_hepliaklqana_monster_ancestors,
          serial_shops, shop, minmay_quadrilaterals
D:8:      layout_cave_pools
D:9:      layout_cave_pools, mainiacjoe_overflow_small_starburst
D:10:     kennysheep_windowed_halls, layout_loops_ring, marbit_many_paths,
          mainiacjoe_overflow_chevrons, lair_entry_dummy, orc_0_dummy
Temple:   corrupted_temple

Skill      XL: |  1  2  3  4  5  6  7  8  9 10 |
---------------+-------------------------------+-----
Summonings     | 5 6 7 9 10 11 | 11.6
Fighting       | 1 2 3 4 5 6 |  6.1
Dodging        | 3 4 5 6 7 |  7.2
Spellcasting   | 3 4 5 |  5.9
Polearms       | 2 4 6 8 |  8.4
Armour         | 3 4 |  4.7
Stealth        | |  2.0

Action                   |  1- 3 |  4- 6 |  7- 9 | 10-12 || total
-------------------------+-------+-------+-------+-------++-------
Melee: Unarmed           |     7 |       |       |       ||     7
       Whip              |   102 |     4 |       |       ||   106
       Kick              |    27 |    34 |    51 |    69 ||   181
       Peck              |    12 |    14 |    34 |    38 ||    98
       Halberd           |       |   117 |   225 |    51 ||   393
       Spear             |       |       |       |   174 ||   174
 Cast: Summon Small Mamm |    25 |       |     9 |     4 ||    38
       Call Imp          |    16 |    16 |    16 |     3 ||    51
       Call Canine Famil |       |    12 |    28 |    18 ||    58
       Summon Guardian G |       |       |       |     9 ||     9
       Summon Lightning  |       |       |       |     1 ||     1
Invok: Curse Item        |       |       |     1 |     4 ||     5
  Use: Scroll            |     2 |    10 |     4 |       ||    16
       Potion            |       |       |     2 |       ||     2
 Stab: Sleeping          |     4 |     3 |     2 |       ||     9
       Distracted        |       |     2 |     3 |     4 ||     9
Armor: Robe              |    23 |    11 |       |       ||    34
       Ring mail         |       |    16 |    76 |    35 ||   127
       Skin              |       |       |    51 |       ||    51
Dodge: Dodged            |   104 |   103 |   214 |   122 ||   543

Table legend: (Time is in decaauts)
 A = Elapsed time spent in this place.
 B = Non-inter-level travel time spent in this place.
 C = Inter-level travel time spent in this place.
 D = Time resting spent in this place.
 E = Time spent auto-exploring this place.
 F = Levels seen in this place.
 G = Mean time per level.
                   A        B        C        D        E       F      G
               +--------+--------+--------+--------+--------+-----+--------+
         Total |  13245 |  12964 |    281 |   1189 |   9599 |  12 | 1103.8 |
       Dungeon |  12254 |  11994 |    260 |   1111 |   8853 |  10 | 1225.4 |
        Temple |    107 |     86 |     21 |      0 |     76 |   1 |  107.0 |
         Sewer |    883 |    883 |      0 |     78 |    668 |   1 |  883.0 |
               +--------+--------+--------+--------+--------+-----+--------+

Top non-repeatable levels by time:
     D:5: 1837 daAuts
     D:1: 1825 daAuts
     D:6: 1556 daAuts
     D:7: 1511 daAuts
     D:3: 1240 daAuts
     D:2: 1112 daAuts
     D:4: 940 daAuts
    D:10: 908 daAuts
   Sewer: 883 daAuts
     D:9: 723 daAuts
     D:8: 597 daAuts
  Temple: 107 daAuts
